 Dungeon Crawl Stone Soup version 0.31.0-1-g2c135a008e (webtiles) character file.

Game seed: 6432995420819302567

419 qw the Shooter (level 7, 0/52 HPs)
             Began as a Djinni Hunter on Jan 24, 2024.
             Slain by a gnoll
             ... wielding a +0 spear
             ... led by a gnoll bouda
              (3 damage)
             ... on level 5 of the Dungeon.
             The game lasted 00:00:15 (3477 turns).

qw the Shooter (Djinni Hunter)                      Turns: 3477, Time: 00:00:16

Health: 0/52       AC:  6    Str: 10    XL:     7   Next: 16%
Gold:   192        EV: 11    Int: 10    God:
                   SH:  0    Dex: 19

rFire   + + .        a - +1 shortbow
rCold   x . .        (shield currently unavailable)
rNeg    . . .        g - +0 ring mail
rPois   inf          (no helmet)
rElec   .            f - +0 cloak
rCorr   .            (no gloves)
SInv    .            (boots unavailable)
Will    .....        c - amulet of the acrobat
Stlth   +            (no ring)
HPRegen 0.28/turn    (no ring)
MPRegen 0.00/turn

%: acrobat, infuse magic (-1 HP)
@: about to teleport, flying
A: sickness immunity, fire resistance 2, cold vulnerability 1, float, innate
caster, HP casting, extra vitality 1
a: no special abilities


You were on level 5 of the Dungeon.
You visited 1 branch of the dungeon, and saw 5 of its levels.
You also visited: Sewer.

You collected 192 gold pieces.


Innate Abilities, Weirdness & Mutations

You are immune to sickness and miasma.
You are immune to poison.
Your flesh is very heat resistant. (rF++)
You are vulnerable to cold. (rC-)
You float through the air rather than walking.
You learn spells naturally, not from books.
Your magical power is your life essence.
You have superior vitality. (+4 MHP)


   Skills:
 - Level 4.1 Fighting
 + Level 5.5 Ranged Weapons
 - Level 1.0 Armour
 - Level 3.1 Dodging
 - Level 0.7 Stealth


You knew the following spells:

 Your Spells              Type           Power      Damage    Failure   Level
a - Foxfire               Conj/Fire      0%         2x1d4     67%         1
b - Blink                 Tloc           0%         N/A       82%         2
c - Call Canine Familiar  Summ           0%         N/A       96%         3
Your spell library was empty.

Inventory:

Hand Weapons
 a - a +1 shortbow (weapon)
Armour
 f - a +0 cloak (worn)
 g - a +0 ring mail (worn)
Jewellery
 c - an amulet of the acrobat (around neck)
Wands
 b - a wand of light (5)
Potions
 e - a potion of berserk rage {unknown}

Dungeon Overview and Level Annotations

Branches:
Dungeon (5/15)              Sewer (visited)
 Temple: D:4-7

Altars:
Fedhas
Hepliaklqana
Ru
Uskayaw


Message History

The gnoll bouda is almost dead.
The gnoll hits you but does no damage.
The gnoll bouda prays to its god.
The gnoll bouda is healed somewhat.
You shoot an arrow. The arrow hits the gnoll bouda.
The gnoll bouda is severely wounded.
The gnoll barely misses you.
The gnoll hits you from afar with a +0 spear.
The gnoll bouda hits you but does no damage.
You shoot an arrow.
The arrow hits the gnoll bouda but does no damage.
The gnoll bouda is severely wounded.
The gnoll hits you with a +0 flail.
The gnoll hits you from afar with a +0 spear.
The gnoll bouda gazes fiercely through you!
You feel your attacks grow feeble.
The gnoll bouda hits you with a +0 club.
The gnoll barely misses you.
You shoot an arrow. The arrow hits the gnoll bouda.
The gnoll bouda is severely wounded.
The gnoll misses you.
The gnoll bouda hits you with a +0 club.
The gnoll hits you with a +0 flail. The gnoll barely misses you.
The gnoll bouda hits you with a +0 club.
You shoot an arrow. The arrow hits the gnoll bouda.
The gnoll bouda is almost dead.
The gnoll barely misses you.
The gnoll bouda hits you with a +0 club.
The gnoll barely misses you.
3476 ||| READING scroll of teleportation.
As you read the scroll of teleportation, it crumbles to dust.
You feel strangely unstable. The gnoll hits you with a +0 flail!
The gnoll closely misses you.
The gnoll bouda hits you with a +0 club.
You shoot an arrow.
The arrow closely misses the gnoll bouda.
Your attacks no longer feel as feeble.
The gnoll closely misses you.
The gnoll hits you from afar with a +0 spear.
You die...

.. .# #### ##.## ..#
#...# ####.#### #...#
#.......# #...#
##.......# #...#####
##.....<.#######@g.....$.
##.......##......gg......
..........%.......)......
##.......##..............
##.......######....#.....
##.......# #.<........
#.##.##.# #....#.###
#.......# #....#.#
####.#########....#.#


You could see a gnoll bouda and 2 gnolls.

Vanquished Creatures
  2 bullfrogs (Sewer)
  An iguana (D:4)
  7 gnolls
  7 adders
  10 dart slugs
  10 orcs
  9 ball pythons
  4 bats
  10 endoplasms
  14 giant cockroaches
  5 goblins
  4 hobgoblins
  A quokka (D:1)
  10 frilled lizards
  4 kobolds
  5 rats
103 creatures vanquished.

Notes
Turn   | Place    | Note
-------+----------+-------------------------------------------
     0 | D:1      | qw the Djinni Hunter began the quest for the Orb.
     0 | D:1      | Reached XP level 1. HP: 18/18 MP: 0/0
     0 | D:1      | 0 ||| qw: Version: 0.3-a-136-gdd3b4e8
     0 | D:1      | 0 ||| qw: Game counter: 1338
     0 | D:1      | 0 ||| qw: Melee chars always use a shield: true
     0 | D:1      | 0 ||| qw: God list: Okawaru
     0 | D:1      | 0 ||| qw: Allow faded altars: false
     0 | D:1      | 0 ||| qw: Do Orc after clearing Dungeon:15 true
     0 | D:1      | 0 ||| qw: Do second Lair branch before Depths: true
     0 | D:1      | 0 ||| qw: Lair rune preference: random
     0 | D:1      | 0 ||| qw: Goals: Normal
     0 | D:1      | 0 ||| PLANNING D:1-11
    94 | D:1      | Reached XP level 2. HP: 22/23 MP: 0/0
   162 | D:1      | Found a faded altar of an unknown god.
   162 | D:1      | Noticed a tormentor
   165 | D:1      | 165 ||| READING scroll labelled WORCHO DAZ BEIC.
   166 | D:1      | 166 ||| DROPPING scroll of butterflies.
   246 | D:1      | Reached skill level 4 in Ranged Weapons
   246 | D:1      | Reached XP level 3. HP: 25/28 MP: 0/0
   246 | D:1      | Learned a level 1 spell: Foxfire
   663 | D:2      | Reached XP level 4. HP: 34/34 MP: 0/0
   751 | D:2      | Reached skill level 3 in Fighting
   866 | D:2      | Reached skill level 3 in Dodging
   900 | D:2      | Reached XP level 5. HP: 40/40 MP: 0/0
   900 | D:2      | Learned a level 2 spell: Blink
  1325 | D:2      | 1325 ||| UPGRADING to +0 ring mail.
  1335 | D:2      | 1335 ||| DROPPING +0 leather armour.
  1336 | D:2      | 1336 ||| READING scroll of identify.
  1336 | D:2      | 1336 ||| IDENTIFYING silvery potion
  1337 | D:2      | 1337 ||| READING scroll labelled XAAQIWY XIGG.
  1338 | D:2      | 1338 ||| READING scroll labelled CIUMOC DEEDYU.
  1338 | D:2      | 1338 ||| ENCHANTING +0 shortbow.
  1339 | D:2      | 1339 ||| READING scroll labelled XUMOUKO ALEOKI.
  1340 | D:2      | 1340 ||| DROPPING potion of ambrosia.
  1351 | D:3      | 1351 ||| PLANNING SEWER
  1419 | D:3      | Noticed a +0 dagger
  1421 | D:3      | Noticed a +0 hand axe
  1422 | D:3      | Found a hide-covered altar of Uskayaw.
  1428 | D:3      | Reached skill level 1 in Armour
  1557 | D:3      | Found a blossoming altar of Fedhas.
  1858 | D:3      | Found a glowing drain.
  1859 | D:3      | 1859 ||| READING 4 scrolls of identify.
  1859 | D:3      | 1859 ||| IDENTIFYING fizzy inky potion
  1860 | D:3      | 1860 ||| READING 3 scrolls of identify.
  1860 | D:3      | 1860 ||| IDENTIFYING sapphire potion
  1861 | D:3      | 1861 ||| READING 2 scrolls of identify.
  1861 | D:3      | 1861 ||| IDENTIFYING scroll labelled BIRGHI YNGYUSE
  1862 | D:3      | 1862 ||| READING scroll of identify.
  1862 | D:3      | 1862 ||| IDENTIFYING scroll labelled HOXZOL FEBOA
  1863 | D:3      | 1863 ||| DROPPING potion of attraction.
  1864 | D:3      | 1864 ||| DROPPING scroll of torment.
  1873 | Sewer    | Entered a sewer
  2038 | Sewer    | Noticed a bullfrog
  2044 | Sewer    | Killed a bullfrog
  2044 | Sewer    | Noticed a bullfrog
  2045 | Sewer    | Reached skill level 5 in Ranged Weapons
  2045 | Sewer    | Reached XP level 6. HP: 30/46 MP: 0/0
  2189 | Sewer    | Identified the storm talisman of Abuppyen {rF+++ rCorr
                  | Int+4 Dex-5}
  2245 | Sewer    | 2245 ||| UPGRADING to amulet of the acrobat.
  2250 | Sewer    | 2250 ||| READING scroll labelled VEGIAB FOKHLARGH.
  2265 | D:3      | 2265 ||| PLANNING D:1-11
  2322 | D:3      | Found a sacrificial altar of Ru.
  2492 | D:4      | Reached XP level 7. HP: 20/52 MP: 0/0
  2492 | D:4      | Learned a level 3 spell: Call Canine Familiar
  3154 | D:4      | 3154 ||| UPGRADING to +0 cloak.
  3188 | D:5      | Entered Level 5 of the Dungeon
  3214 | D:5      | HP: 13/52 [gnoll/+0 spear[a gnoll bouda] (3)]
  3215 | D:5      | 3215 ||| READING 2 scrolls of teleportation.
  3215 | D:5      | HP: 6/52 [gnoll/+0 spear[a gnoll bouda] (4)]
  3216 | D:5      | 3216 ||| DRINKING potion of heal wounds.
  3402 | D:5      | Found a hazy altar of Hepliaklqana.
  3475 | D:5      | HP: 13/52 [gnoll bouda/+0 club (5)]
  3476 | D:5      | 3476 ||| READING scroll of teleportation.
  3476 | D:5      | HP: 5/52 [gnoll/+0 flail[a gnoll bouda] (8)]
  3476 | D:5      | HP: 2/52 [gnoll bouda/+0 club (3)]
  3477 | D:5      | Slain by a gnoll

Levels and vault maps discovered:
D:1:      dpeg_arrival_refuge, layout_rooms,
          dreamdust_ecumenical_altar_sealed_demon
D:2:      layout_basic
D:3:      layout_basic, nicolae_ru_the_path_less_chosen,
          fedhas_altar_fruit_tree, dancing_weapons_uskayaw,
          portal_sewer_entry_d, minmay_gold_behind_fungi
D:4:      layout_layer_cave, nicolae_vehumet_radiance
D:5:      layout_loops_cross, nzn_hepliaklqana_mist_gate, serial_shops,
          nicolae_diamond_shop, kennysheep_small_square

Skill      XL: |  1  2  3  4  5  6 |
---------------+-------------------+-----
Ranged Weapons | 4 5 |  5.5
Fighting       | 3 4 |  4.1
Dodging        | 3 |  3.1
Armour         | 1 |  1.0
Stealth        | |  0.7

Action                     |  1- 3 |  4- 6 |  7- 9 || total
---------------------------+-------+-------+-------++-------
   Fire: Shortbow          |    72 |   234 |    71 ||   377
    Use: Scroll            |     1 |     9 |     2 ||    12
         Potion            |       |       |     1 ||     1
 Armour: Leather armour    |     5 |    14 |       ||    19
         Ring mail         |       |    42 |    50 ||    92
  Dodge: Dodged            |    24 |    56 |    30 ||   110

Table legend:
 A = Non-vault XP
 B = Vault XP
 C = Vault XP percentage of total XP
 D = Non-vault monster count
 E = Vault monster count
 F = Vault count percentage of total count
                 A         B        C        D         E       F
            +---------+---------+-------+---------+---------+-------
      Total |     314 |     285 |  47.6 |      75 |      28 |  27.2
            +---------+---------+-------+---------+---------+-------
        D:1 |      46 |       0 |   0.0 |      19 |       0 |   0.0
        D:2 |     100 |       0 |   0.0 |      22 |       0 |   0.0
        D:3 |      42 |      13 |  23.6 |      15 |       1 |   6.2
        D:4 |      68 |       0 |   0.0 |      14 |       0 |   0.0
        D:5 |      58 |       0 |   0.0 |       5 |       0 |   0.0
      Sewer |       0 |     272 | 100.0 |       0 |      27 | 100.0
            +---------+---------+-------+---------+---------+-------
